 Dungeon Crawl Stone Soup version 0.27-a0-1590-g15f69828bf (webtiles) character file.

Game seed: 9215994589858908506

1 DocClef the Covert (level 1, -5/23 HPs)
             Began as a Gnoll Delver on July 18, 2021.
             Slain by a scorpion (7 damage)
             ... on level 4 of the Dungeon.
             The game lasted 00:01:08 (88 turns).

DocClef the Covert (Gnoll Delver)                     Turns: 88, Time: 00:01:09

Health: -5/23      AC:  3    Str: 11    XL:     1   Next: 20%
Magic:  1/1        EV: 13    Int:  9    God:
Gold:   0          SH:  0    Dex: 13    Spells: 0/0 levels left

rFire    . . .     SeeInvis .   a - +0 short sword
rCold    . . .     Faith    .   (no shield)
rNeg     . . .     Spirit   .   b - +0 leather armour
rPois    .         Reflect  .   (no helmet)
rElec    .         Harm     .   (no cloak)
rCorr    .         Rampage  .   (no gloves)
Will     .....                  (no boots)
Stlth    ++++......             (no amulet)
HPRegen  0.07/turn              (no ring)
MPRegen  0.07/turn              (no ring)

@: no status effects
A: fangs 1, strong nose, distributed training
a: no special abilities


You were on level 4 of the Dungeon.
You visited 1 branch of the dungeon, and saw 2 of its levels.

Inventory:

Hand Weapons
 a - a +0 short sword (weapon)
Armour
 b - a +0 leather armour (worn)
Wands
 g - a wand of digging (3)
Scrolls
 c - a scroll of fog
 d - a scroll of magic mapping
 e - 2 scrolls of fear
 h - a scroll of identify {unknown}
Potions
 f - a potion of haste


   Skills:
 + Level 6.4 Fighting
 + Level 4.4 Short Blades
 + Level 0.0 Long Blades
 + Level 0.0 Axes
 + Level 0.0 Maces & Flails
 + Level 0.0 Polearms
 + Level 0.0 Staves
 + Level 0.0 Slings
 + Level 0.0 Bows
 + Level 0.0 Crossbows
 + Level 0.0 Throwing
 + Level 0.0 Armour
 + Level 4.4 Dodging
 + Level 9.5 Stealth
 + Level 0.0 Shields
 + Level 0.0 Unarmed Combat
 + Level 0.0 Spellcasting
 + Level 0.0 Conjurations
 + Level 0.0 Hexes
 + Level 0.0 Summonings
 + Level 0.0 Necromancy
 + Level 0.0 Translocations
 + Level 0.0 Transmutations
 + Level 0.0 Fire Magic
 + Level 0.0 Ice Magic
 + Level 0.0 Air Magic
 + Level 0.0 Earth Magic
 + Level 0.0 Poison Magic
 + Level 0.0 Invocations
 + Level 0.0 Evocations


You couldn't memorise any spells.
You didn't know any spells.
Your spell library was empty.

Dungeon Overview and Level Annotations

Branches:
Dungeon (5/15)
 Temple: D:4-7

Altars:


Innate Abilities, Weirdness & Mutations

You have very sharp teeth.
Your uncanny sense of smell can sniff out nearby items.
Your experience applies equally to all skills.


Message History

The scorpion misses you.
* * * LOW HITPOINT WARNING * * *
You feel sick. The scorpion closely misses you.
* * * LOW HITPOINT WARNING * * *
You feel sick.
You hit the kobold.
The kobold is moderately wounded.
* * * LOW HITPOINT WARNING * * *
You feel sick. The kobold hits you but does no damage.
You hit the kobold.
You kill the kobold!
You hit the scorpion but do no damage.
The scorpion is lightly wounded.
* * * LOW HITPOINT WARNING * * *
You feel sick.
The scorpion stings you but does no damage.
You hit the scorpion but do no damage.
The scorpion is lightly wounded.
* * * LOW HITPOINT WARNING * * *
You feel sick.
You are no longer poisoned.
The scorpion barely misses you.
You closely miss the scorpion.
The scorpion is lightly wounded.
The scorpion closely misses you.
You barely miss the scorpion.
You bite the scorpion, but do no damage.
The scorpion is lightly wounded.
The scorpion misses you.
Unknown command.
You hit the scorpion. Your bite misses the scorpion.
The scorpion is lightly wounded.
The scorpion barely misses you.
You hit the scorpion but do no damage.
The scorpion is lightly wounded.
The scorpion closely misses you. x2
You hit the scorpion but do no damage.
The scorpion is lightly wounded.
The scorpion stings you!
You die...

#. .. #. #.# .. ..# .
. ..# .. .#..# ## #.
####...#
..##.##.#....##
.......@s.....##
#.#.....##.....#
####.....#......#
.[.............## ..
.........#......#
##..
#........##......#
.......
...##..######..##
........##...##.....#
#.#
.......##.....#.....#
##


You could see a scorpion.

Vanquished Creatures
  A kobold (D:4)
1 creature vanquished.

Notes
Turn   | Place    | Note
-------+----------+-------------------------------------------
     0 | D:5      | Reached skill level 9 in Stealth
     0 | D:5      | DocClef the Gnoll Delver began the quest for the Orb.
     0 | D:5      | Reached XP level 1. HP: 23/23 MP: 1/1
    72 | D:4      | Noticed a scorpion
    83 | D:4      | HP: 1/23 [poisoned by a scorpion]
    88 | D:4      | Slain by a scorpion

Illustrated notes

Levels and vault maps discovered:
D:4:      layout_cave_pools, minmay_manual_moon
D:5:      layout_basic, lemuel_doored_altar, guppyfry_early_lair_pool

Skill      XL: | |
---------------+-+-----
Stealth        | |  9.5
Fighting       | |  6.4
Short Blades   | |  4.4
Dodging        | |  4.4

Action                   || total
-------------------------++-------
Melee: Short sword       ||    12
       Bite              ||     2
Armor: Leather armour    ||     3
Dodge: Dodged            ||    10

Table legend: (Time is in decaauts)
 A = Elapsed time spent in this place.
 B = Non-inter-level travel time spent in this place.
 C = Inter-level travel time spent in this place.
 D = Time resting spent in this place.
 E = Time spent auto-exploring this place.
 F = Levels seen in this place.
 G = Mean time per level.
                   A        B        C        D        E       F      G
               +--------+--------+--------+--------+--------+-----+--------+
         Total |     86 |     77 |      9 |      0 |     56 |   2 |   43.0 |
       Dungeon |     86 |     77 |      9 |      0 |     56 |   2 |   43.0 |
               +--------+--------+--------+--------+--------+-----+--------+

Top non-repeatable levels by time:
     D:4: 43 daAuts
     D:5: 43 daAuts
